 Dungeon Crawl Stone Soup version 0.31-a0-702-gf82c85558f (webtiles) character file.

Game seed: 11322291335384967478

142 Shayle the Changeling (level 5, -1/72 HPs)
             Began as an Ogre Shapeshifter on Sept 8, 2023.
             Slain by an ogre
             ... wielding a +0 giant spiked club
              (16 damage)
             ... on level 4 of the Dungeon.
             The game lasted 00:08:23 (3002 turns).

Shayle the Changeling (Ogre Shapeshifter)           Turns: 3002, Time: 00:08:25

Health: -1/72      AC: 22    Str: 18    XL:     5   Next: 25%
Magic:  9/9        EV:  1    Int: 13    God:
Gold:   125        SH:  0    Dex:  8    Spells: 9/9 levels left

rFire   . . .        q - +3 dagger (venom)
rCold   . . .        (no shield)
rNeg    . . .        a - melded +0 animal skin
rPois   +            (helmet currently unavailable)
rElec   .            (cloak currently unavailable)
rCorr   .            (gloves unavailable)
SInv    .            (boots unavailable)
Will    .....        (no amulet)
Stlth   +            (no ring)
HPRegen 0.32/turn    (no ring)
MPRegen 0.11/turn

%: no passive effects
@: tree-form
A: stationary, stasis, torment immunity, boosted hp, large, unfitting armour,
(tough skin 1)
a: no special abilities


You were on level 4 of the Dungeon.
You were a tree.
You visited 1 branch of the dungeon, and saw 4 of its levels.

You collected 125 gold pieces.

Inventory:

Hand Weapons
 q - a +3 dagger of venom (weapon)
Armour
 a - a +0 animal skin (melded)
Jewellery
 g - a +5 ring of evasion
Talismans
 c - a beast talisman
 d - a flux talisman
Scrolls
 e - 2 scrolls of blinking {unknown}
 f - 3 scrolls of teleportation {unknown}
 h - a scroll of immolation {unknown}
 k - a scroll of acquirement {unknown}
 p - 3 scrolls of revelation {unknown}
Potions
 i - a potion of enlightenment {unknown}
 j - a potion of heal wounds {unknown}
 l - a potion of invisibility {unknown}
 m - a potion of degeneration {unknown}
 n - a potion of resistance {unknown}
 o - a potion of curing {unknown}


   Skills:
 - Level 1.3 Fighting
 - Level 1.7 Dodging
 + Level 3.7 Unarmed Combat
 + Level 2.8 Spellcasting
 + Level 3.9 Shapeshifting


You had 9 spell levels left.
You didn't know any spells.
Your spell library contained the following spells:

 Spells                   Type           Power      Damage    Failure   Level
 Stone Arrow              Conj/Erth      2%         3d7       56%         3
 Animate Armour           Summ/Erth      2%         N/A       93%         4
 Olgreb's Toxic Radiance  Pois           1%         N/A       93%         4
 Discord                  Hex            0%         N/A       100%        8
 Ignition                 Fire           0%         3d3       100%        8
 Lehudib's Crystal Spear  Conj/Erth      0%         10d2      100%        8


Dungeon Overview and Level Annotations

Branches:
Dungeon (4/15)
 Temple: D:4-7

Altars:

Shops:
D:1 (


Innate Abilities, Weirdness & Mutations

You are a tree.
Your roots penetrate the ground, keeping you stationary.
You cannot be teleported.
You are immune to unholy pain and torment.
Your maximum health is greatly increased.
Your equipment is partially melded.
You are too large for most types of armour.
((You have tough skin. (AC +1)))


Message History

You climb upwards.
There is a stone staircase leading down here.
You hit the scorpion.
The scorpion is poisoned.
The scorpion is lightly wounded.
The scorpion barely misses you.
You hit the scorpion.
The scorpion is moderately wounded.
The scorpion closely misses you.
You hit the scorpion.
The scorpion looks even sicker.
The scorpion is heavily wounded.
The scorpion stings you but does no damage.
You hit the scorpion.
The scorpion looks as sick as possible!
The scorpion is almost dead.
You kill the scorpion!
You have reached level 5!
You start resting.
Magic restored.
You open the door.
There is an open door here.
Done exploring.
There is an open door here.
There is a stone staircase leading down here.
You climb downwards.
A ball python comes into view.
The jackal bites you but does no damage.
The jackal closely misses you.
The ogre hits you with a +0 giant spiked club!!
Ouch! That really hurt!
* * * LOW HITPOINT WARNING * * *
The jackal bites you.
* * * LOW HITPOINT WARNING * * *
The jackal closely misses you.
There is a stone staircase leading up, spattered with blood here.
Your transformation has ended.
You turn into a tree.
Your +0 animal skin melds into your body.
Your roots penetrate the ground.
The jackal barely misses you.
The jackal bites you but does no damage.
The ogre hits you with a +0 giant spiked club!
You die...

.#. ... ...
.S. # ##.#
... ...
.....####.###
......h♣O...#
......h..##.#
...........
.........###
.........#
##.......#
#.......#
....#####


You could see an ogre, 2 jackals and a ball python.

Vanquished Creatures
  A scorpion (D:3)
  2 worms
  5 dart slugs
  An orc (D:3)
  4 bats (D:1)
  3 endoplasms
  2 giant cockroaches (D:1)
  9 goblins
  6 hobgoblins
  4 jackals (D:3)
  4 quokkas
  6 ball pythons
  2 frilled lizards (D:1)
  10 kobolds
  6 rats
65 creatures vanquished.

Notes
Turn   | Place    | Note
-------+----------+-------------------------------------------
     0 | D:1      | Shayle the Ogre Shapeshifter began the quest for the Orb.
     0 | D:1      | Reached XP level 1. HP: 19/19 MP: 1/1
   227 | D:1      | Reached XP level 2. HP: 22/27 MP: 1/3
   275 | D:1      | Reached skill level 1 in Spellcasting
   490 | D:1      | Reached XP level 3. HP: 14/33 MP: 5/5
  1096 | D:1      | Found Ekuom's Weapon Emporium.
  2110 | D:3      | Reached XP level 4. HP: 34/41 MP: 7/7
  2946 | D:4      | Noticed a scorpion
  2947 | D:4      | Noticed an ogre
  2956 | D:3      | Killed a scorpion
  2957 | D:3      | Reached XP level 5. HP: 48/48 MP: 7/9
  3002 | D:4      | Slain by an ogre

Illustrated notes

Levels and vault maps discovered:
D:1:      heliophobic_arrival_glass_houses, layout_basic, serial_shops,
          nicolae_shop_just_a_little_nook, dreamdust_princess_corridor,
          minivault_4
D:2:      layout_basic, chequers_garden
D:3:      layout_basic, minmay_goblin_outpost
D:4:      layout_basic, trog_butcher_becter, temple_pool_b,
          gammafunk_ghost_abyssal_escape, saegor_snake_ambush, uniq_sigmund,
          uniq_menkaure

Skill      XL: |  1  2  3 |
---------------+----------+-----
Spellcasting   | 1 2 |  2.8
Unarmed Combat | 3 |  3.7
Fighting       | |  1.3
Dodging        | |  1.7
Shapeshifting  | |  3.9

Action                     |  1- 3 |  4- 6 || total
---------------------------+-------+-------++-------
  Melee: Unarmed           |    65 |       ||    65
         Punch             |     2 |       ||     2
         Short sword       |    52 |       ||    52
         Dagger            |       |    50 ||    50
    Use: Potion            |       |     1 ||     1
   Stab: Sleeping          |     1 |       ||     1
 Armour: Animal skin       |    66 |    29 ||    95
         Skin              |       |     2 ||     2
  Dodge: Dodged            |    56 |    30 ||    86

Table legend: (Time is in decaauts)
 A = Elapsed time spent in this place.
 B = Non-inter-level travel time spent in this place.
 C = Inter-level travel time spent in this place.
 D = Time resting spent in this place.
 E = Time spent auto-exploring this place.
 F = Levels seen in this place.
 G = Mean time per level.
                   A        B        C        D        E       F      G
               +--------+--------+--------+--------+--------+-----+--------+
         Total |   2997 |   2788 |    209 |    142 |   2065 |   4 |  749.2 |
       Dungeon |   2997 |   2788 |    209 |    142 |   2065 |   4 |  749.2 |
               +--------+--------+--------+--------+--------+-----+--------+

Top non-repeatable levels by time:
     D:1: 1308 daAuts
     D:3: 1067 daAuts
     D:2: 613 daAuts
     D:4: 7 daAuts
